 Dungeon Crawl Stone Soup version 0.24.0-13-gcf9b3192b9 (webtiles) character file.

Game seed: 3625806559193088496, levelgen mode: deterministic

158 Bram the Sneak (level 5, -4/30 HPs)
             Began as a Kobold Ice Elementalist on Nov 8, 2019.
             Slain by an orc wizard
             ... wielding a +0 dagger
              (6 damage)
             ... on level 2 of the Dungeon.
             The game lasted 00:04:41 (2516 turns).

Bram the Sneak (Kobold Ice Elementalist)            Turns: 2516, Time: 00:04:42

Health: -4/30      AC:  2    Str:  6    XL:     5   Next: 67%
Magic:  3/8        EV: 15    Int: 17    God:
Gold:   105        SH:  0    Dex: 15    Spells: 5/8 levels left

rFire    . . .     SeeInvis .   (weapon restricted)
rCold    . . .     Gourm    .   (shield restricted)
rNeg     . . .     Faith    .   a - +0 robe
rPois    .         Spirit   .   (no helmet)
rElec    .         Reflect  .   (no cloak)
rCorr    .         Harm     .   (no gloves)
MR       .....                  (no boots)
Stlth    +++.......             (no amulet)
HPRegen  0.10/turn              (no ring)
MPRegen  0.11/turn              (no ring)

@: no status effects
A: small, carnivore
a: no special abilities


You were on level 2 of the Dungeon.
You were full.

You visited 1 branch of the dungeon, and saw 2 of its levels.

You collected 105 gold pieces.

Inventory:

Missiles
 m - 20 stones (quivered)
Armour
 a - a +0 robe (worn)
Jewellery
 g - an uncursed amulet of rage {unknown}
Scrolls
 d - a scroll of magic mapping {unknown}
 e - 4 scrolls of identify {unknown}
 h - a scroll of fog {unknown}
 j - 3 scrolls of remove curse {unknown}
 k - a scroll of enchant armour {unknown}
 l - a scroll of blinking {unknown}
 n - 2 scrolls of teleportation {unknown}
Potions
 b - 2 potions of heal wounds {unknown}
 f - 2 potions of might {unknown}
 i - 4 potions of curing {unknown}
Comestibles
 c - 4 rations


   Skills:
 + Level 2.0 Fighting
 - Level 2.4 Dodging
 - Level 5.1 Stealth
 - Level 2.1 Spellcasting
 - Level 1.0 Conjurations
 + Level 4.5 Ice Magic


You had 5 spell levels left.
You knew the following spells:

 Your Spells              Type           Power        Failure   Level  Hunger
a - Freeze                Ice            ###.         3%          1    #......
b - Throw Frost           Conj/Ice       ##....       10%         2    ###....

Your spell library contained the following spells:

 Spells                   Type           Power        Failure   Level  Hunger
 Ozocubu's Armour         Chrm/Ice       #.......     22%         3    ###....
 Throw Icicle             Conj/Ice       ##......     52%         4    #####..
 Summon Ice Beast         Ice/Summ       #.......     58%         4    #####..


Dungeon Overview and Level Annotations

Branches:
Dungeon (2/15)

Altars:


Innate Abilities, Weirdness & Mutations

You are small and have problems with some larger weapons.
You are carnivorous and can eat meat at any time.


Message History

Casting: Freeze (safe; 3% risk of failure)
Confirm with . or Enter, or press ? or * to list all spells.
Aiming: Freeze (safe; 3% risk of failure)
Press: ? - help, Shift-Dir - straight line, f - orc wizard
Aim: an orc wizard, wielding a +0 dagger and wearing a +0 robe (fast)
You freeze the orc wizard!
The orc wizard is heavily wounded.
The orc wizard closely misses you.
Casting: Freeze (safe; 3% risk of failure)
Confirm with . or Enter, or press ? or * to list all spells.
Aiming: Freeze (safe; 3% risk of failure)
Press: ? - help, Shift-Dir - straight line, f/p - orc wizard
Aim: an orc wizard, wielding a +0 dagger and wearing a +0 robe (heavily wounded, fast)
You freeze the orc wizard!
The orc wizard is almost dead.
The orc wizard mumbles some strange words.
The orc wizard flickers and vanishes!
Deactivating autopickup; reactivate with Ctrl-A.
Something hits you.
You die...

#################### ########
#..................# #
##......####.################[###
.[..............@{..# ######...##
.#.######.##.#####..# #.......>..
.#.# #.##.# #..# #.####...## .#.#
#.##.# #..# #.# ##.### .#.#
#.##.# #..# #.# #.# # .#.# #.##.#
#).# #.# #.### .#.#### #.##.#
#..###.#####.... .#....###)##.#
#..##......^.### .#..#.....##.#
#..#.....###.#


There were no monsters in sight!

Vanquished Creatures
  2 orc wizards (D:2)
  5 adders (D:2)
  2 oozes
  3 dart slugs
  4 orcs (D:2)
  2 giant cockroaches
  7 goblins
  4 hobgoblins
  2 jackals (D:1)
  5 kobolds
  3 bats (D:1)
  3 frilled lizards
  3 rats
45 creatures vanquished.

Notes
Turn   | Place    | Note
-------+----------+-------------------------------------------
     0 | D:1      | Bram the Kobold Ice Elementalist began the quest for the
                  | Orb.
     0 | D:1      | Reached XP level 1. HP: 10/10 MP: 3/3
    41 | D:1      | Reached skill level 3 in Stealth
   211 | D:1      | Reached XP level 2. HP: 9/15 MP: 3/5
   250 | D:1      | Reached skill level 4 in Stealth
   465 | D:1      | Reached XP level 3. HP: 16/19 MP: 1/6
  1106 | D:2      | Reached skill level 5 in Stealth
  1261 | D:2      | Reached XP level 4. HP: 17/24 MP: 0/7
  1433 | D:2      | Learned a level 2 spell: Throw Frost
  1475 | D:2      | Reached XP level 5. HP: 23/28 MP: 2/8
  1480 | D:2      | Reached skill level 1 in Fighting
  2512 | D:2      | HP: 1/29 [orc wizard/puff of flame (9)]
  2516 | D:2      | Slain by an orc wizard

Levels and vault maps discovered:
D:1:      minmay_arrival_checkered_box, layout_rooms, minmay_tromino_v2
D:2:      layout_loops_ring

Skill      XL: |  1  2  3  4  5 |
---------------+----------------+-----
Stealth        | 3 4 5 |  5.1
Ice Magic      | 4 |  4.5
Fighting       | 2 |  2.0
Dodging        | |  2.4
Spellcasting   | |  2.1
Conjurations   | |  1.0

Action                   |  1- 3 |  4- 6 || total
-------------------------+-------+-------++-------
Melee: Unarmed           |    14 |     2 ||    16
 Cast: Freeze            |    57 |    44 ||   101
  Eat: Chunk             |     2 |    10 ||    12
Armor: Robe              |     8 |     1 ||     9
Dodge: Dodged            |    64 |    15 ||    79
